 Dungeon Crawl Stone Soup version 0.22.1-2-g9c5b331 (webtiles) character file.

85 magicm the Shooter (level 4, 0/33 HPs)
             Began as a Human Hunter on Nov 12, 2018.
             Slain by a crimson imp (2 damage)
             ... summoned by Natasha
             ... on level 3 of the Dungeon.
             The game lasted 00:05:42 (1871 turns).

magicm the Shooter (Human Hunter)                   Turns: 1871, Time: 00:05:43

Health: 0/33       AC:  5    Str: 12    XL:     4   Next: 75%
Magic:  4/4        EV: 12    Int: 18    God:
Gold:   31         SH:  0    Dex: 13    Spells: 3/3 levels left

rFire    . . .     SeeInvis .   a - +3 shortbow
rCold    . . .     Gourm    .   (shield currently unavailable)
rNeg     . . .     Faith    .   c - +2 leather armour
rPois    .         Spirit   .   (no helmet)
rElec    .         Reflect  .   (no cloak)
rCorr    .         Harm     .   (no gloves)
MR       .....                  (no boots)
Stlth    +.........             (no amulet)
HPRegen  0.11/turn              (no ring)
MPRegen  0.09/turn              (no ring)

@: brilliant, slowed, very slow
A: no striking features
a: no special abilities


You were on level 3 of the Dungeon.
You were not hungry.

You visited 1 branch of the dungeon, and saw 3 of its levels.

You collected 31 gold pieces.

Inventory:

Hand Weapons
 a - a +3 shortbow (weapon)
 b - a +0 short sword
Missiles
 d - 36 arrows (quivered)
Armour
 c - a +2 leather armour (worn)
Jewellery
 g - an uncursed ring of stealth {unknown}
 k - an uncursed ring of magical power {unknown}
Wands
 j - a wand of random effects (18)
Potions
 e - a potion of flight {unknown}
 h - a potion of brilliance
 i - a potion of invisibility {unknown}
 l - a potion of mutation {unknown}
Comestibles
 f - 5 rations


   Skills:
 + Level 2.3 Fighting
 + Level 5.5 Bows
 + Level 0.5 Armour
 + Level 2.0 Dodging
 + Level 1.0 Stealth


You had 3 spell levels left.
You didn't know any spells.
Your spell library was empty.

Dungeon Overview and Level Annotations

Branches:
Dungeon (3/15)

Altars:

Annotations:
D:3 Natasha


Message History

Moving in this stuff is going to be slow.
The crimson imp disappears in a puff of smoke!
The crimson imp closely misses you.
Natasha mumbles some strange words.
The crimson imp blinks!
The crimson imp shouts, "Surrender, thou rough-hewn tip-merry mish-mash!"
The crimson imp hits you but does no damage.
Really attack while wielding your +3 shortbow? [Y]es or [N]o only, please.
Really attack while wielding your +3 shortbow? [Y]es or [N]o only, please.
Really attack while wielding your +3 shortbow?
Okay, then.
The crimson imp puffs mist at you.
The crimson imp hits you but does no damage.
Natasha mumbles some strange words.
You feel troubled.
The crimson imp hits you but does no damage.
The crimson imp hits you.
You die...

######........
#....5....#
##.####<((##
#≈≈...?≈.≈..(..
#h≈..≈..≈......
#≈≈≈≈≈≈≈≈≈≈≈.(#
#5≈≈≈≈≈≈≈≈≈≈≈.#
#5.≈≈≈≈≈≈≈≈≈...
#@.≈≈≈r♣≈≈≈≈≈..
#≈≈≈≈≈._♣≈≈≈..(
#?≈≈≈≈≈≈.≈
..≈≈≈≈≈≈≈≈
##.≈≈≈≈≈≈≈≈
#.≈≈≈≈≈≈≈≈
#.≈....≈..
#≈.≈≈....


You could see Natasha, 2 crimson imps and a rat.

Vanquished Creatures
  Jessica (D:2)
  2 adders (D:2)
  An ooze (D:1)
  2 worms (D:2)
  A dart slug (D:2)
  4 giant cockroaches
  3 goblins
  2 hobgoblins
  A quokka (D:2)
  2 ball pythons
  A bat (D:1)
  A frilled lizard (D:1)
  7 kobolds
  3 rats
31 creatures vanquished.

Notes
Turn   | Place    | Note
-------+----------+-------------------------------------------
     0 | D:1      | magicm the Human Hunter began the quest for the Orb.
     0 | D:1      | Reached XP level 1. HP: 16/16 MP: 1/1
   246 | D:1      | Reached XP level 2. HP: 22/22 MP: 2/2
   821 | D:2      | Reached XP level 3. HP: 27/27 MP: 3/3
  1015 | D:2      | Noticed Jessica
  1018 | D:2      | Killed Jessica
  1018 | D:2      | Reached skill level 5 in Bows
  1018 | D:2      | Reached XP level 4. HP: 18/33 MP: 4/4
  1850 | D:3      | Noticed Natasha
  1865 | D:3      | Found a faded altar of an unknown god.
  1867 | D:3      | HP: 1/33 [Natasha/magic dart (6)]
  1871 | D:3      | Slain by a crimson imp

Skill      XL: |  1  2  3 |
---------------+----------+-----
Bows           | 5 |  5.5
Fighting       | |  2.3
Armour         | |  0.5
Dodging        | |  2.0
Stealth        | |  1.0

Action                   |  1- 3 |  4- 6 || total
-------------------------+-------+-------++-------
 Fire: Shortbow          |    60 |    55 ||   115
  Use: Scroll            |     3 |     5 ||     8
       Potion            |       |     1 ||     1
  Eat: Ration            |       |     1 ||     1
Armor: Leather armour    |     6 |     6 ||    12
Dodge: Dodged            |    20 |    19 ||    39
